 Dungeon Crawl Stone Soup version 0.28-a0-773-g130ae17fe5 (webtiles) character file.

Game seed: 8938268432865901652

69 ytrimaz the Skirmisher (level 4, -7/36 HPs)
             Began as a Demonspawn Fighter on Nov 1, 2021.
             Mangled by a black bear (11 damage)
             ... on level 3 of the Dungeon.
             The game lasted 00:02:21 (2311 turns).

ytrimaz the Skirmisher (Demonspawn Fighter)         Turns: 2311, Time: 00:02:22

Health: -7/36      AC:  8    Str: 18    XL:     4   Next: 2%
Magic:  4/4        EV:  9    Int:  9    God:
Gold:   132        SH:  4    Dex: 12    Spells: 3/3 levels left

rFire   . . .      SeeInvis .   a - +0 rapier
rCold   + . .      Faith    .   c - +0 buckler
rNeg    . . .      Spirit   .   b - +1 scale mail
rPois   .          Reflect  .   (no helmet)
rElec   .          Harm     .   (no cloak)
rCorr   .          Rampage  .   (no gloves)
Will    .....                   (no boots)
Stlth   ..........              (no amulet)
HPRegen 0.12/turn               m - ring of protection from cold
MPRegen 0.09/turn               (no ring)

@: no status effects
A: rugged brown scales 1, demonic guardian 1, powered by pain 1
a: no special abilities


You were on level 3 of the Dungeon.
You visited 1 branch of the dungeon, and saw 3 of its levels.

You collected 132 gold pieces.

Inventory:

Hand Weapons
 a - a +0 rapier (weapon)
Armour
 b - a +1 scale mail (worn)
 c - a +0 buckler (worn)
Jewellery
 m - a ring of protection from cold (left hand)
Scrolls
 f - 2 scrolls of silence
 g - a scroll of enchant weapon
 i - a scroll of enchant armour
Potions
 d - 2 potions of might
 e - 2 potions of mutation {unknown}
 h - a potion of curing {unknown}
 j - 2 potions of cancellation
 k - a potion of flight {unknown}
 l - a potion of heal wounds {unknown}


   Skills:
 + Level 3.4 Fighting
 + Level 2.4 Short Blades
 + Level 3.4 Armour
 + Level 3.0 Shields


You had 3 spell levels left.
You didn't know any spells.
Your spell library contained the following spells:

 Spells                   Type           Power      Damage    Failure   Level
 Blink                    Tloc           0%         N/A       91%         2
 Lesser Beckoning         Tloc           0%         N/A       99%         3
 Manifold Assault         Tloc           0%         N/A       100%        5


Dungeon Overview and Level Annotations

Branches:
Dungeon (3/15)

Altars:


Innate Abilities, Weirdness & Mutations

You are partially covered in rugged brown scales. (AC +1, +3% HP)
A weak demonic guardian rushes to your aid.
You sometimes gain a little power by taking damage.


Message History

The black bear is lightly wounded.
The black bear barely misses you.
The black bear claws you but does no damage. x2
You hit the black bear.
The black bear is moderately wounded.
The black bear bites you but does no damage.
The black bear barely misses you. The black bear closely misses you.
You puncture the black bear!
The black bear is heavily wounded.
The black bear bites you but does no damage.
The black bear claws you but does no damage. x2
You hit the black bear.
The black bear is severely wounded.
The black bear goes berserk!
You closely miss the black bear.
The black bear is severely wounded.
The black bear bites you but does no damage.
You block the black bear's attack. The black bear barely misses you.
The black bear bites you.
The black bear claws you but does no damage. x2
The black bear bites you. The black bear barely misses you.
The black bear claws you but does no damage.
The black bear closely misses you. The black bear barely misses you.
You block the black bear's attack. The black bear barely misses you.
The black bear claws you.
The black bear claws you but does no damage.
You block the black bear's attack. The black bear claws you. x2
You hear an angry hiss.
The black bear bites you but does no damage.
The black bear claws you but does no damage.
The black bear claws you.
* * * LOW HITPOINT WARNING * * *
The black bear bites you but does no damage.
The black bear claws you but does no damage.
The black bear claws you.
* * * LOW HITPOINT WARNING * * *
A demonic guardian appears!
Okay, then.
The black bear bites you!
You die...

#..........#
#..........######
#...............#
#...............#
#...............##..
###.............'...
#5######......##..
#h# ######## #@# #.#
#.# #.# #.. ###


You could see a black bear (berserk, ally target) and a friendly quasit
(summoned).

Vanquished Creatures
  3 adders (D:2)
  A dart slug (D:2)
  An orc (D:3)
  2 endoplasms
  2 giant cockroaches
  4 goblins
  7 hobgoblins
  7 kobolds
  A quokka (D:2)
  4 ball pythons
  A bat (D:3)
  A frilled lizard (D:1)
  2 rats
36 creatures vanquished.

Vanquished Creatures (collateral kills)
  A kobold (D:1)
1 creature vanquished.

Grand Total: 37 creatures vanquished

Notes
Turn   | Place    | Note
-------+----------+-------------------------------------------
     0 | D:1      | ytrimaz the Demonspawn Fighter began the quest for the Orb.
     0 | D:1      | Reached XP level 1. HP: 18/18 MP: 1/1
   206 | D:1      | Gained mutation: A weak demonic guardian rushes to your
                  | aid. [demonic ancestry]
   206 | D:1      | Reached XP level 2. HP: 18/24 MP: 2/2
   391 | D:1      | Found a faded altar of an unknown god.
   747 | D:2      | Gained mutation: You are partially covered in rugged brown
                  | scales. (AC +1, +3% HP) [demonic ancestry]
   747 | D:2      | Reached XP level 3. HP: 14/29 MP: 3/3
  2247 | D:3      | Gained mutation: You sometimes gain a little power by
                  | taking damage. [demonic ancestry]
  2247 | D:3      | Reached XP level 4. HP: 36/36 MP: 4/4
  2287 | D:3      | Noticed a black bear
  2311 | D:3      | Mangled by a black bear

Illustrated notes

Levels and vault maps discovered:
D:1:      saegor_arrival_simple_b, layout_rooms,
          shapermc_ecumenical_altar_hornbeckon, minmay_pentomino_z2
D:2:      minmay_wonky_spiral, layout_basic
D:3:      wander_river, layout_basic, grunt_ministairs_10

Skill      XL: |  1  2 |
---------------+-------+-----
Armour         | 3 |  3.4
Shields        | 3 |  3.0
Short Blades   | 2 |  2.4
Fighting       | |  3.4

Action                   |  1- 3 |  4- 6 || total
-------------------------+-------+-------++-------
Melee: Rapier            |   139 |    11 ||   150
  Use: Scroll            |     6 |       ||     6
Armor: Scale mail        |    42 |    20 ||    62
Dodge: Dodged            |    57 |     9 ||    66
Block: Buckler           |    28 |     5 ||    33

Table legend: (Time is in decaauts)
 A = Elapsed time spent in this place.
 B = Non-inter-level travel time spent in this place.
 C = Inter-level travel time spent in this place.
 D = Time resting spent in this place.
 E = Time spent auto-exploring this place.
 F = Levels seen in this place.
 G = Mean time per level.
                   A        B        C        D        E       F      G
               +--------+--------+--------+--------+--------+-----+--------+
         Total |   2343 |   2299 |     44 |      0 |   1978 |   3 |  781.0 |
       Dungeon |   2343 |   2299 |     44 |      0 |   1978 |   3 |  781.0 |
               +--------+--------+--------+--------+--------+-----+--------+

Top non-repeatable levels by time:
     D:2: 1066 daAuts
     D:3: 660 daAuts
     D:1: 615 daAuts
